AoeStats
← woif00

Arabia

509099640Analyzed
1v1 RM · 8d ago on Sep 25, 2026· 43m 18s· 2 players
Game mode
Random Map
Map size
Tiny (2 player)
Population
200
Speed
Normal
Resources
Standard
Victory
Conquest
Starting age
Dark Age
Ending age
Imperial Age
RankedLock teamsTeams togetherTeam positionsShared explorationLock speedFull tech treeHidden civsTurbo modeCheats
Victory
Defeat
🇨🇱 Britons · Chile
1084
+18
🇦🇹 Saxons · Austria
1130
-18
LdS_Jugador
6:58 Loom
9:23 Feudal Age
12:14 Double-Bit Axe
12:28 Fletching
16:33 Padded Archer Armor
20:00 Horse Collar
22:42 Castle Age
23:14 Crossbowman
25:16 Wheelbarrow
25:37 Gold Mining
27:07 Ballistics
31:01 Bodkin Arrow
31:23 Leather Archer Armor
31:40 Stone Mining
32:43 Heavy Plow
33:18 Bow Saw
34:00 Hand Cart
33:31 Town Watch
34:38 Gold Shaft Mining
43:11 Imperial Age
42:58 Yeomen
woif00
7:07 Loom
9:18 Feudal Age
10:02 Man-at-Arms
11:22 Arson
12:26 Double-Bit Axe
14:55 Wheelbarrow
17:39 Fletching
21:06 Horse Collar
21:43 Padded Archer Armor
21:47 Scale Mail Armor
26:45 Castle Age
26:26 Forging
27:50 Chain Mail Armor
28:11 Iron Casting
27:30 Gambesons
28:13 Bow Saw
32:23 Heavy Plow
32:23 Town Watch
34:42 Bodkin Arrow
Connection lost

Rejoining the realm…

Still unreachable

The connection could not be restored.

Session expired

The server has moved on; the page needs a fresh start.